 Dungeon Crawl Stone Soup version 0.19.1-1-g22dce08 (webtiles) character file.

531 Alarkh the Chopper (level 7, 52/52 HPs)
             Began as a Demonspawn Monk on Jan 5, 2017.
             Quit the game on level 4 of the Dungeon.
             The game lasted 00:05:09 (4556 turns).

Alarkh the Chopper (Demonspawn Monk)                Turns: 4556, Time: 00:05:09

Health: 52/52      AC:  2    Str: 11    XL:     7   Next: 3%
Magic:  7/7        EV: 13    Int: 14    God:
Gold:   191        SH:  4    Dex: 15    Spells: 0 memorised, 6 levels left

rFire  + . .     SeeInvis .     t - +0 trident (pierce)
rCold  . . .     Gourm    .     b - +0 robe
rNeg   . . .     Faith    .     (no shield)
rPois  .         Spirit   .     (helmet restricted)
rElec  .         Reflect  .     (no cloak)
rCorr  .         Harm     .     (no gloves)
MR     .....                    (no boots)
Stlth  +++.......               j - amulet of rage
                                x - ring of stealth
                                w - ring of protection from fire

@: no status effects
A: horns 1, large bone plates 1, powered by pain 1
a: Evoke Berserk Rage


You were on level 4 of the Dungeon.
You were hungry.

You visited 1 branch of the dungeon, and saw 5 of its levels.

You collected 191 gold pieces.

Inventory:

Hand Weapons
 a - a +0 hand axe
 t - a +0 trident of piercing (weapon)
Armour
 b - a +0 robe (worn)
 o - a +0 helmet
Jewellery
 e - an uncursed amulet of guardian spirit
 g - an uncursed amulet of inaccuracy
 j - an amulet of rage (around neck)
 w - a ring of protection from fire (left hand)
 x - a ring of stealth (right hand)
Scrolls
 f - 2 scrolls of teleportation {unknown}
 h - 3 scrolls of noise {unknown}
 i - 4 scrolls of remove curse
 k - a scroll of identify {unknown}
 m - a scroll of magic mapping {unknown}
 n - a scroll of fear {unknown}
 v - a scroll of enchant armour {unknown}
Potions
 l - 2 potions of brilliance
Comestibles
 c - 2 bread rations


   Skills:
 - Level 3.0 Fighting
 + Level 7.3 Axes
 - Level 2.6 Dodging
 - Level 1.7 Stealth


You had 6 spell levels left.
You didn't know any spells.

Dungeon Overview and Level Annotations

Branches:
Dungeon (5/15)
 Temple: D:4-7

Altars:
Qazlal


Innate Abilities, Weirdness & Mutations

You have a pair of small horns on your head.
You are partially covered in large bone plates. (SH +4)
You sometimes gain a little power by taking damage.


Message History

You open the door.
There is an open door here.
You now have 191 gold pieces (gained 5).
As you open the door, it creaks loudly!
There is an open door here.
i - 4 scrolls of remove curse (gained 1)
You are starving!
You need to eat something NOW!
You need to eat something NOW!
You start eating the beef jerky.
You are feeling hungry.
That beef jerky was jerk-a-riffic!
HP restored.
A white imp comes into view.
Found a scroll labeled ZUAWKONW WOASU and a green potion.
A white imp is nearby!
A white imp is nearby!
A white imp is nearby!
A white imp is nearby!
Are you sure you want to abandon this character and quit the game? (Confirm with "yes".)

........####......#######.....#.#
........'.......................'
........####......####.#.....##.#
..........#...............#.###.#
######.........#######....#####.#
§§.###.....###.....##.........#
≈§...##...##...≈≈≈.!#..########
≈≈≈...........≈≈≈≈≈5#..#
≈...##...##..@≈≈≈.?#..#
..###.....###.....##..########
######.........#######...##......
..........#.................#####
.......##.##.####.###########
..#.....#.# ... ..#..........###
#.......).## ###....####


You could see a white imp (sleeping).

Vanquished Creatures
  The ghost of Alarkh the Chopper, an amateur DsMo (D:4)
  An orc priest (D:4)
  Terence (D:2)
  An orc wizard (D:3)
  2 worker ants
  12 adders
  An adder skeleton (D:4)
  3 worms
  A dart slug (D:3)
  3 leopard geckos
  6 orcs
  5 giant cockroaches
  9 goblins
  7 hobgoblins
  6 jackals
  5 kobolds
  4 quokkas
  2 ball pythons
  3 bats
  6 frilled lizards
  7 rats
86 creatures vanquished.

Notes
Turn   | Place    | Note
-------+----------+-------------------------------------------
     0 | D:1      | Alarkh the Demonspawn Monk began the quest for the Orb.
     0 | D:1      | Reached XP level 1. HP: 18/18 MP: 1/1
   147 | D:1      | Reached skill level 3 in Axes
   366 | D:1      | Gained mutation: You are partially covered in large bone plates. (SH +4) [demonic ancestry]
   366 | D:1      | Reached XP level 2. HP: 18/24 MP: 2/2
   988 | D:2      | Reached XP level 3. HP: 25/29 MP: 3/3
  1046 | D:2      | Reached skill level 4 in Axes
  1266 | D:2      | Reached XP level 4. HP: 19/35 MP: 4/4
  1356 | D:2      | Noticed Terence
  1447 | D:2      | Killed Terence
  1638 | D:2      | Reached skill level 5 in Axes
  2125 | D:3      | Gained mutation: You sometimes gain a little power by taking damage. [demonic ancestry]
  2125 | D:3      | Reached XP level 5. HP: 41/41 MP: 5/5
  2693 | D:3      | HP: 2/41 [jackal (1)]
  2694 | D:3      | Reached skill level 6 in Axes
  2698 | D:3      | HP: 1/41 [poisoned by an adder]
  3268 | D:4      | Noticed Alarkh's ghost (amateur DsMo)
  3321 | D:5      | Entered Level 5 of the Dungeon
  3595 | D:4      | Killed Alarkh's ghost
  3595 | D:4      | Reached skill level 7 in Axes
  3595 | D:4      | Reached XP level 6. HP: 47/47 MP: 6/6
  3947 | D:4      | Noticed Eustachio
  3949 | D:4      | Found a stormy altar of Qazlal.
  4395 | D:4      | Gained mutation: You have a pair of small horns on your head. [demonic ancestry]
  4395 | D:4      | Reached XP level 7. HP: 34/52 MP: 7/7
  4556 | D:4      | Quit the game

Skill      XL: |  1  2  3  4  5 |
---------------+----------------+-----
Axes           | 3 4 5 7 |  7.3
Fighting       | |  3.0
Dodging        | |  2.6
Stealth        | |  1.7

Action                   |  1- 3 |  4- 6 |  7- 9 || total
-------------------------+-------+-------+-------++-------
Melee: Hand axe          |    97 |       |       ||    97
       Trident           |    21 |   257 |       ||   278
 Abil: Evoke Berserk Rag |     2 |     3 |       ||     5
  Use: Potion            |     1 |     8 |       ||     9
       Scroll            |       |     1 |       ||     1
 Stab: Sleeping          |     2 |     7 |       ||     9
  Eat: Chunk             |     2 |    12 |       ||    14
       Beef jerky        |       |       |     1 ||     1
Armor: Robe              |    16 |    50 |       ||    66
       Skin              |       |    13 |       ||    13
Dodge: Dodged            |    70 |   174 |       ||   244
Block: Other             |    12 |    50 |       ||    62
